 Dungeon Crawl Stone Soup version 0.29-a0-323-g050149af67 (webtiles) character file.

Game seed: 5473475704894319235

7 Ajdolov the Ducker (level 2, 9/15 HPs)
             Began as a Tengu Earth Elementalist on Apr 10, 2022.
             Got out of the dungeon alive.
             The game lasted 00:00:33 (445 turns).

Ajdolov the Ducker (Tengu Earth Elementalist)        Turns: 445, Time: 00:00:34

Health: 9/15       AC:  2    Str:  8    XL:     2   Next: 4%
Magic:  3/6        EV: 12    Int: 15    God:
Gold:   10         SH:  0    Dex: 14    Spells: 4/5 levels left

rFire   . . .      SeeInvis .   (no weapon)
rCold   . . .      Faith    .   (no shield)
rNeg    . . .      Spirit   .   b - +0 robe
rPois   .          Reflect  .   (helmet restricted)
rElec   .          Harm     .   (no cloak)
rCorr   .          Rampage  .   (no gloves)
Will    .....                   (boots unavailable)
Stlth   ++........              (no amulet)
HPRegen 0.05/turn               (no ring)
MPRegen 0.10/turn               (no ring)

@: no status effects
A: beak, talons 3
a: no special abilities


You escaped.
You visited 1 branch of the dungeon, and saw 1 of its levels.

You collected 10 gold pieces.

Inventory:

Missiles
 a - 23 stones
Armour
 b - a +0 robe (worn)
Scrolls
 d - a scroll of teleportation {unknown}
Potions
 c - a potion of magic


   Skills:
 + Level 2.3 Dodging
 + Level 2.1 Stealth
 + Level 2.1 Spellcasting
 + Level 1.0 Transmutations
 + Level 2.2 Earth Magic


You had 4 spell levels left.
You knew the following spells:

 Your Spells              Type           Power      Damage    Failure   Level
a - Sandblast             Erth           16%        2d6       9%          1

Your spell library contained the following spells:

 Spells                   Type           Power      Damage    Failure   Level
 Passwall                 Tmut/Erth      5%         N/A       17%         2
 Stone Arrow              Conj/Erth      10%        3d7       38%         3
 Petrify                  Tmut/Erth      6%         N/A       73%         4


Dungeon Overview and Level Annotations

Branches:
Dungeon (1/15)

Altars:


Innate Abilities, Weirdness & Mutations

You have a beak for a mouth.
You have claws for feet.


Message History

You are too injured to fight recklessly!
You are too injured to fight recklessly!
You are too injured to fight recklessly!
You are too injured to fight recklessly!
You are too injured to fight recklessly!
You are too injured to fight recklessly!
You are too injured to fight recklessly!
You are too injured to fight recklessly!
Aiming: Sandblast (safe; 9% risk of failure)
Press: ? - help, Q - select action, (/) - cycle Shift-Dir - straight line, f - quokka
Aim: a quokka (lightly wounded, 69% to hit)
The blast of sand hits the quokka but does no damage.
The quokka is lightly wounded.
The quokka bites you but does no damage.
Aiming: Sandblast (safe; 9% risk of failure)
Press: ? - help, Q - select action, (/) - cycle Shift-Dir - straight line, f/p - quokka
Aim: a quokka (lightly wounded, 69% to hit)
You miscast Sandblast.
You are very lightly contaminated with residual magic.
Nothing appears to happen.
The quokka barely misses you.
Unknown command.
Unknown command.
Aiming: Sandblast (safe; 9% risk of failure)
Press: ? - help, Q - select action, (/) - cycle Shift-Dir - straight line, f/p - quokka
Aim: a quokka (69% to hit)
The blast of sand hits the quokka!
You kill the quokka!
Your Transmutations skill increases to level 1!
You have reached level 2!
Your magical contamination has completely faded away.
You enter the shallow water.
Moving in this stuff is going to be slow.
You enter the shallow water.
Moving in this stuff is going to be slow.
There is a staircase leading out of the dungeon here.
Are you sure you want to leave the Dungeon?
This will make you lose the game!
Alright, then stay!
Are you sure you want to leave the Dungeon?
This will make you lose the game!
You have escaped!

..÷...≈.#.#.###.≈≈≈≈. #####..#.#
......≈.#.#.#...≈.... .........#
......≈.#.#.#.≈≈≈.###########..#
..####≈.#.#...≈........... #..#
..# #≈...#.≈≈≈.≈≈≈≈≈.### #..#.
÷## #≈≈≈.#.≈...≈...≈...# ##.#.
.######.≈.#.≈.≈≈≈.≈.≈≈≈.######...
....# #.≈...≈.....≈...≈...#......
....###.≈≈≈.≈≈≈.@.≈≈≈.≈≈≈.#.##...
......#...≈...≈.....≈...≈.#.####.
#####.###.≈≈≈.≈.≈≈≈.≈.#.≈.#.....>
#.# #...≈...≈...≈.#.≈≈≈###### #.#
###.≈≈≈≈≈.≈≈≈.#...≈# #.#
.........≈...#.#.≈#
#.#########.≈≈≈.#.#.#.≈#
#...........≈...#.#.#.≈#
#.######.≈≈≈≈.###.#.#.≈#


There were no monsters in sight!

Vanquished Creatures
  A ball python (D:1)
  An endoplasm (D:1)
  A goblin (D:1)
  A hobgoblin (D:1)
  A quokka (D:1)
  A bat (D:1)
6 creatures vanquished.

Notes
Turn   | Place    | Note
-------+----------+-------------------------------------------
     0 | D:1      | Ajdolov the Tengu Earth Elementalist began the quest for
                  | the Orb.
     0 | D:1      | Reached XP level 1. HP: 10/10 MP: 4/4
   420 | D:1      | Reached skill level 1 in Transmutations
   420 | D:1      | Reached XP level 2. HP: 8/15 MP: 1/6
   445 | D:$      | Got out of the dungeon alive.

Illustrated notes

Levels and vault maps discovered:
D:1:      psy_arrival_radial02, layout_basic, dk_noncrumbling_2,
          minmay_misc_feat_secret_circle, due_unseen_surprise

Skill      XL: |  1 |
---------------+----+-----
Transmutations | 1 |  1.0
Dodging        | |  2.3
Stealth        | |  2.1
Spellcasting   | |  2.1
Earth Magic    | |  2.2

Action                   || total
-------------------------++-------
Melee: Unarmed           ||    13
       Peck              ||     3
       Kick              ||     2
 Cast: Sandblast         ||     7
Armor: Robe              ||     3
Dodge: Dodged            ||    15

Table legend: (Time is in decaauts)
 A = Elapsed time spent in this place.
 B = Non-inter-level travel time spent in this place.
 C = Inter-level travel time spent in this place.
 D = Time resting spent in this place.
 E = Time spent auto-exploring this place.
 F = Levels seen in this place.
 G = Mean time per level.
                   A        B        C        D        E       F      G
               +--------+--------+--------+--------+--------+-----+--------+
         Total |    452 |    427 |     25 |      0 |    378 |   1 |  452.0 |
       Dungeon |    452 |    427 |     25 |      0 |    378 |   1 |  452.0 |
               +--------+--------+--------+--------+--------+-----+--------+

Top non-repeatable levels by time:
     D:1: 452 daAuts
